 Dungeon Crawl Stone Soup version 0.18.1-6-gd335043 (webtiles) character file.

28865 Scarto the Protected (level 13, -3/84 HPs)
             Began as a Gargoyle Fighter on May 19, 2016.
             Was a High Priest of Qazlal.
             Slain by Norris
             ... wielding a +0 spear
              (11 damage)
             ... on level 14 of the Dungeon.
             The game lasted 00:33:19 (11723 turns).

Scarto the Protected (Gargoyle Fighter)            Turns: 11723, Time: 00:33:19

Health: -3/84      AC: 31    Str: 27      XL:     13   Next: 41%
Magic:  13/13      EV:  7    Int:  7 (10) God:    Qazlal [*****.]
Gold:   647        SH:  0    Dex: 11      Spells: 0 memorised, 12 levels left

rFire  . . .     SeeInvis .     a - +5 spear "Siell" {freeze, Str+3}
rCold  . . .     Gourm    .     p - +0 plate armour
rNeg   + . .     Faith    .     E - +2 large shield
rPois  ∞         Spirit   .     F - +0 hat {MR+}
rElec  +         Dismiss  .     n - +2 cloak
rCorr  .         Reflect  .     (no gloves)
SustAt .         Harm     .     (no boots)
MR     +....                    i - amulet of regeneration
Stlth  ..........               t - +2 ring of evasion
                                g - +1 ring of protection

@: confused, protected from physical damage, repel missiles, somewhat resistant
to hostile enchantments, extremely unstealthy
A: agile 1, blurry vision 1, negative energy resistance 1, regeneration 1,
electricity resistance, unbreathing, petrification resistance, rot immunity, AC
+9
a: Upheaval, Elemental Force, Disaster Area, Renounce Religion


You were on level 14 of the Dungeon.
You worshipped Qazlal.
Qazlal was extremely pleased with you.
You were not hungry.

You visited 1 branch of the dungeon, and saw 14 of its levels.

You collected 647 gold pieces.

Inventory:

Hand Weapons
 a - the +5 spear "Siell" (weapon) {freeze, Str+3}
   (You found it on level 10 of the Dungeon)

   It has been specially enchanted to freeze those struck by it, causing extra
   injury to most foes and up to half again as much damage against particularly
   susceptible opponents.
   It can also slow down cold-blooded creatures.
   It affects your strength (+3).
 e - a +4 broad axe of flaming
 q - a +3 mace of holy wrath
 w - the +10 hand crossbow of the Harvest {flame, *Confuse Str+3 Dex+3}
   (You found it on level 10 of the Dungeon)

   It causes projectiles fired from it to burn those they strike, causing extra
   injury to most foes and up to half again as much damage against particularly
   susceptible opponents.
   It affects your strength (+3).
   It affects your dexterity (+3).
   It may confuse you when you take damage.
Missiles
 N - 18 bolts
Armour
 n - a +2 cloak (worn)
 p - a +0 plate armour (worn)
 E - a +2 large shield (worn)
 F - a +0 hat of magic resistance (worn)
Jewellery
 g - a +1 ring of protection (left hand)
 i - an amulet of regeneration (around neck)
 t - a +2 ring of evasion (right hand)
 B - an uncursed ring of protection from cold
Wands
 c - a wand of heal wounds (2/9)
 d - a wand of lightning (9/15)
Scrolls
 f - a scroll of teleportation
 h - 2 scrolls of recharging
 k - 5 scrolls of remove curse
 l - 14 scrolls of identify
 r - a scroll of amnesia
 s - 3 scrolls of immolation
 x - 3 scrolls of enchant armour
 D - 2 scrolls of fog
 I - a scroll of magic mapping
 O - 2 scrolls of brand weapon
Potions
 b - a potion of haste
 o - a potion of brilliance
 z - 3 potions of flight
 K - a potion of magic
 M - 2 potions of agility
Books
 J - a book of the Sky

   Spells                             Type                      Level
   a - Summon Lightning Spire         Summoning/Air                4
   b - Airstrike                      Air                          4
   c - Silence                        Hexes/Air                    5
   d - Deflect Missiles               Charms/Air                   6
   e - Conjure Ball Lightning         Conjuration/Air              6
   f - Tornado                        Air                          9
Comestibles
 j - a bread ration
 m - 8 royal jellies
 u - 5 meat rations
 H - 4 fruits
 Q - a beef jerky


   Skills:
 + Level 11.3 Fighting
 + Level 7.8(9.9) Axes
 + Level 8.0(9.6) Maces & Flails
 + Level 5.8(7.7) Polearms
 + Level 6.1 Crossbows
 + Level 11.5 Armour
 + Level 11.2 Shields


You had 12 spell levels left.
You didn't know any spells.

Dungeon Overview and Level Annotations

Branches:
Dungeon (14/15) Temple (0/1) D:7 Lair (0/8) D:8 Orc (0/2) D:12 Vaults (0/5) D:13 D:14

Altars:
Cheibriados
Gozag
Nemelex Xobeh
Pakellas
Qazlal
Ru
Sif Muna
Xom
Yredelemnul
The Shining One

Shops:
D:4 [   D:10 [   D:13 *

Annotations:
D:14 Norris


Innate Abilities, Weirdness & Mutations

You are resistant to torment.
Your stone body is resilient (AC +9).
You are immune to poison.
You resist negative energy.
You are resistant to electric shocks.
You can survive without breathing.
You are immune to petrification.
You are immune to rotting.
You are agile. (Dex +2)
Scrolls take you a little longer to read.
Your natural rate of healing is unusually fast.


Message History

Norris hits you with a spear.
* * * LOW HITPOINT WARNING * * *
Norris blocks your attack.
Norris is heavily wounded.
Your protection from physical attacks is fading.
Norris hits you with a spear!!
* * * LOW HITPOINT WARNING * * *
You feel more protected from physical attacks.
Norris blocks your attack.
Norris is heavily wounded.
Norris mumbles some strange prayers to his god against you.
You are confused.
You're too confused!
You bump into the rock wall.
Norris hits you but does no damage.
Drink which item? (? for menu, Esc to quit)
Okay, then.
You miss Norris.
Norris is heavily wounded.
Norris hits you with a spear!
You die...

#.......#.#.#.#.....#
#...................#
#.......#.#.#.#.....#
#...................#
#.....#.#.#.#.#.....#
#.....#.............#
#(..(.##.####+#######
#####...((##.#
#........(@@.#
#(###.(..(#### #(#
######... #@# .## #(#
.# #u# .#
#pu......#.###
.#........#$..#
..............#


You could see Norris.

Vanquished Creatures
  A slime creature (D:12)
  A centaur warrior (D:14)
  A death knight (D:13)
  An unseen horror (D:11)
  2 hill giants
  Pikel (D:9)
  7 ugly things
  A cyclops (D:12)
  3 deep elf magi (D:13)
  2 manticores (D:12)
  A gargoyle (D:12)
  A queen bee (D:9)
  2 trolls
  3 two-headed ogres
  Sigmund (D:5)
  4 wraiths
  A shadow (D:14)
  10 yaks
  2 vampires
  A water elemental (D:11)
  3 wyverns
  10 fire elementals (D:10)
  A basilisk (D:14)
  16 humans
  5 vampire mosquitoes (D:12)
  A hungry ghost (D:13)
  Grum (D:8)
  A mottled dragon (D:12)
  Duvessa (D:6)
  2 hell hounds (D:8)
  A water moccasin (D:10)
  6 ice beasts
  10 orc warriors
  3 sky beasts
  2 slaves (D:9)
  A necrophage (D:10)
  The ghost of Rationalist the Shield-Bearer, an amateur FoFi (D:3)
  9 ogres
  3 wolves (D:8)
  6 centaurs
  3 big kobolds
  9 giant frogs
  A gnoll sergeant (D:11)
  A wyvern zombie (D:9)
  Dowan (D:6)
  4 scorpions
  A wyvern skeleton (D:11)
  19 killer bees
  9 wights (D:12)
  5 jellies
  The ghost of Scarto the Shield-Bearer, a weakling GrFi (D:4)
  5 centaur zombies
  12 howler monkeys
  3 crimson imps
  A giant frog zombie (D:13)
  5 hounds
  5 orc priests
  19 orc wizards
  3 centaur skeletons
  4 giant frog skeletons
  7 iguanas
  5 worker ants
  3 hound skeletons
  A howler monkey zombie (D:3)
  A worker ant zombie (D:5)
  16 gnolls
  A howler monkey skeleton (D:4)
  9 adders
  2 shadow imps
  An adder zombie (D:8)
  An adder skeleton (D:5)
  A worm (D:4)
  2 dart slugs (D:2)
  3 giant geckos
  61 orcs
  5 ball pythons
  5 giant cockroaches
  5 goblins
  8 hobgoblins
  15 jackals
  2 quokkas
  12 bats
  3 giant newts
  25 kobolds
  3 rats (D:1)
437 creatures vanquished.

Vanquished Creatures (others)
  2 slaves (D:9)
2 creatures vanquished.

Grand Total: 439 creatures vanquished

Notes
Turn   | Place    | Note
--------------------------------------------------------------
     0 | D:1      | Scarto the Gargoyle Fighter began the quest for the Orb.
     0 | D:1      | Reached XP level 1. HP: 14/14 MP: 1/1
   157 | D:1      | Reached XP level 2. HP: 15/19 MP: 2/2
   516 | D:1      | Reached XP level 3. HP: 23/24 MP: 3/3
   713 | D:2      | Reached XP level 4. HP: 22/29 MP: 4/4
  1289 | D:2      | Found a deep blue altar of Sif Muna.
  1443 | D:3      | Reached XP level 5. HP: 29/33 MP: 5/5
  1453 | D:3      | Reached skill level 1 in Maces & Flails
  1534 | D:3      | Noticed Rationalist's ghost (amateur FoFi)
  1552 | D:3      | Killed Rationalist's ghost
  1552 | D:3      | Reached XP level 6. HP: 23/39 MP: 6/6
  1827 | D:3      | Found a sparkling altar of Nemelex Xobeh.
  2491 | D:4      | Found Miosomo's Antique Armour Boutique.
  2616 | D:4      | Noticed Scarto's ghost (weakling GrFi)
  2642 | D:4      | Killed Scarto's ghost
  2642 | D:4      | Reached XP level 7. HP: 42/44 MP: 7/7
  2715 | D:4      | Reached skill level 5 in Shields
  2718 | D:4      | Reached skill level 5 in Armour
  2745 | D:4      | Reached skill level 5 in Fighting
  2870 | D:5      | Entered Level 5 of the Dungeon
  2914 | D:5      | Gained mutation: You are agile. (Dex +2) [mutagenic meat]
  2915 | D:5      | Gained mutation: Your natural rate of healing is unusually fast. [mutagenic meat]
  2916 | D:5      | Gained mutation: Scrolls take you a little longer to read. [mutagenic meat]
  3040 | D:5      | Noticed Sigmund
  3058 | D:5      | Killed Sigmund
  3058 | D:5      | Reached XP level 8. HP: 49/49 MP: 8/8
  3654 | D:6      | Found a snail-covered altar of Cheibriados.
  3664 | D:6      | Found a glowing golden altar of the Shining One.
  3739 | D:6      | Found a basalt altar of Yredelemnul.
  3796 | D:6      | Found an oddly glowing altar of Pakellas.
  3825 | D:6      | Noticed Duvessa
  3839 | D:6      | Killed Duvessa
  3840 | D:6      | Noticed Dowan
  3849 | D:6      | Killed Dowan
  3900 | D:6      | Found a shimmering altar of Xom.
  4263 | D:7      | Reached XP level 9. HP: 52/55 MP: 9/9
  4463 | D:7      | Found a sacrificial altar of Ru.
  4512 | D:7      | Reached skill level 5 in Axes
  4544 | D:7      | Found a stormy altar of Qazlal.
  4582 | D:7      | Became a worshipper of Qazlal Stormbringer
  4611 | D:7      | Found a staircase to the Ecumenical Temple.
  4908 | D:8      | Found an opulent altar of Gozag.
  5002 | D:8      | Reached skill level 5 in Maces & Flails
  5118 | D:8      | Found a staircase to the Lair.
  5308 | D:8      | Noticed a two-headed ogre
  5314 | D:8      | Killed a two-headed ogre
  5578 | D:8      | Reached XP level 10. HP: 62/63 MP: 10/10
  5603 | D:8      | Reached * piety under Qazlal
  5615 | D:8      | Noticed Grum
  5628 | D:8      | Killed Grum
  6170 | D:9      | Noticed Pikel
  6194 | D:9      | Killed Pikel
  6345 | D:9      | Reached ** piety under Qazlal
  7032 | D:10     | Entered Level 10 of the Dungeon
  7079 | D:10     | Noticed a hill giant
  7100 | D:10     | Killed a hill giant
  7100 | D:10     | Reached XP level 11. HP: 48/69 MP: 11/11
  7149 | D:10     | Got a jewelled hand crossbow
  7153 | D:10     | Identified the +10 hand crossbow of the Harvest {flame, *Confuse Str+3 Dex+3} (You found it on level 10 of the Dungeon)
  7292 | D:10     | Got a transparent spear
  7423 | D:10     | Identified the +5 spear "Siell" {freeze, Str+3} (You found it on level 10 of the Dungeon)
  7462 | D:10     | Found Vuleb's Antique Armour Emporium.
  7690 | D:10     | Reached skill level 1 in Polearms
  7835 | D:11     | Reached skill level 1 in Crossbows
  7979 | D:11     | Reached *** piety under Qazlal
  8054 | D:11     | Noticed a white ugly thing
  8059 | D:11     | Killed a white ugly thing
  8186 | D:11     | Killed an unseen horror
  8671 | D:11     | Identified a scroll of acquirement
  8815 | D:12     | Reached **** piety under Qazlal
  8865 | D:12     | Reached skill level 10 in Armour
  8872 | D:12     | Reached skill level 10 in Shields
  8943 | D:12     | Noticed a manticore
  8949 | D:12     | Killed a manticore
  8949 | D:12     | Reached XP level 12. HP: 62/77 MP: 12/12
  9019 | D:12     | Reached skill level 10 in Fighting
  9345 | D:12     | Found a staircase to the Orcish Mines.
  9363 | D:12     | Reached ***** piety under Qazlal
 10267 | D:13     | Reached skill level 5 in Crossbows
 10309 | D:13     | Found Buumou's Demolitions Depot.
 10410 | D:13     | Reached skill level 5 in Polearms
 10646 | D:13     | Noticed a death knight
 10653 | D:13     | Killed a death knight
 10961 | D:14     | Found a gate to the Vaults.
 10961 | D:14     | Noticed Norris
 10961 | D:14     | Noticed a centaur warrior
 11057 | D:13     | Reached XP level 13. HP: 84/84 MP: 13/13
 11320 | D:14     | Paralysed by something for 7 turns
 11337 | D:14     | HP: 4/84 [something (12)]
 11340 | D:14     | Paralysed by Norris for 4 turns
 11674 | D:14     | Paralysed by something for 5 turns
 11709 | D:14     | Paralysed by Norris for 2 turns
 11723 | D:14     | Slain by Norris

Skill      XL: |  1  2  3  4  5  6  7  8  9 10 11 12 13 |
---------------+----------------------------------------+-----
Axes           | 2 3 4 5 7 |  7.8
Shields        | 4 5 6 7 9 10 11 | 11.2
Armour         | 4 5 6 7 8 10 11 | 11.5
Fighting       | 4 5 6 7 8 9 10 11 | 11.3
Maces & Flails | 1 2 3 4 5 7 8 |  8.0
Polearms       | 3 5 |  5.8
Crossbows      | 3 5 6 |  6.1

Action                   |  1- 3 |  4- 6 |  7- 9 | 10-12 | 13-15 || total
-------------------------+-------+-------+-------+-------+-------++-------
Melee: War axe           |   106 |    52 |       |       |       ||   158
       Mace              |       |   158 |   530 |   316 |       ||  1004
       Broad axe         |       |       |       |    61 |    10 ||    71
       Spear             |       |       |       |   187 |    27 ||   214
 Fire: Hand crossbow     |       |       |       |   370 |    69 ||   439
Throw: Tomahawk          |       |       |       |    18 |       ||    18
  Use: Potion            |       |     9 |     6 |     2 |     2 ||    19
       Scroll            |       |     6 |     9 |     9 |     1 ||    25
 Stab: Invisible         |       |     1 |       |       |       ||     1
  Eat: Bread ration      |       |     2 |     1 |     2 |     1 ||     6
       Chunk             |       |       |     7 |     7 |       ||    14
       Fruit             |       |       |       |     3 |       ||     3
       Beef jerky        |       |       |       |     1 |       ||     1
Armor: Scale mail        |    90 |   115 |   192 |       |       ||   397
       Plate armour      |       |       |   194 |   547 |    42 ||   783
Dodge: Dodged            |    56 |    63 |   163 |   142 |     7 ||   431
       Deflected         |       |       |       |     2 |       ||     2
Block: Shield            |    71 |   136 |   367 |   432 |       ||  1006
       Large shield      |       |       |       |   382 |    56 ||   438
